 Dungeon Crawl Stone Soup version 0.26-a0-572-g753d7e3450 (webtiles) character file.

Game seed: 2945085358008160533

28 Minion the Sneak (level 2, -2/27 HPs)
             Began as a Minotaur Delver on Aug 21, 2020.
             Was an Initiate of Trog.
             Slain by a scorpion (5 damage)
             ... on level 5 of the Dungeon.
             The game lasted 00:01:22 (172 turns).

Minion the Sneak (Minotaur Delver)                   Turns: 172, Time: 00:01:23

Health: -2/27      AC:  3    Str: 16    XL:     2   Next: 96%
Magic:  1/1        EV: 12    Int:  7    God:    Trog [......]
Gold:   0          SH:  0    Dex: 11    Spells: 1/1 levels left

rFire    . . .     SeeInvis .   a - +0 hand axe
rCold    . . .     Faith    .   (no shield)
rNeg     . . .     Spirit   .   b - +0 leather armour
rPois    .         Reflect  .   (helmet restricted)
rElec    .         Harm     .   (no cloak)
rCorr    .                      (no gloves)
MR       .....                  (no boots)
Stlth    ++........             (no amulet)
HPRegen  0.09/turn              (no ring)
MPRegen  0.07/turn              (no ring)

@: lethally poisoned (-2 -> -8)
A: retaliatory headbutt, horns 2
a: Renounce Religion


You were on level 5 of the Dungeon.
You worshipped Trog.
Trog was noncommittal.
You visited 1 branch of the dungeon, and saw 1 of its levels.

Inventory:

Hand Weapons
 a - a +0 hand axe (weapon)
Armour
 b - a +0 leather armour (worn)
Wands
 g - a wand of digging (3)
Scrolls
 c - a scroll of fog
 d - a scroll of magic mapping
 e - a scroll of fear
Potions
 f - a potion of haste
 h - a potion of flight {unknown}


   Skills:
 - Level 3.9 Fighting
 + Level 2.5 Axes
 - Level 0.1 Armour
 - Level 2.3 Dodging
 - Level 4.6 Stealth


You had one spell level left.
You didn't know any spells.
Your spell library was empty.

Dungeon Overview and Level Annotations

Branches:
Dungeon (5/15)
 Temple: D:4-7

Altars:
Okawaru
Trog

Shops:
D:5 (


Innate Abilities, Weirdness & Mutations

You reflexively headbutt those who attack you in melee.
You have a pair of horns on your head.


Message History

The scorpion stings you.
You are poisoned.
The scorpion poisons you!
You hit the scorpion but do no damage. Your headbutt misses the scorpion.
The scorpion is heavily wounded.
You feel sick. The scorpion stings you.
You hit the scorpion but do no damage.
The scorpion is heavily wounded.
You feel sick. The scorpion stings you.
* * * LOW HITPOINT WARNING * * *
You barely miss the scorpion.
The scorpion is heavily wounded.
* * * LOW HITPOINT WARNING * * *
You feel sick. The scorpion barely misses you. You furiously retaliate!
You headbutt the scorpion. You hit the scorpion but do no damage.
The scorpion is heavily wounded.
* * * LOW HITPOINT WARNING * * *
You feel sick. The scorpion stings you.
You die...

##.#.####........#
#..#.(...........#######
#....#......>......##..####
.....#.................^..# .
.##..........##...........### ∩
###..................###....####.
.##...############............#.8
..#...# #_#..........#....
#.....# .#.#.#@8.##.......#....
......# ........s.##...........#
......# ..........##............
###...# #.#.#.#.8.#.............
......# # ###_##..........<...
......# ###...............
........ #........##....#
........ #........<#..#.# ......
#.........#.....


You could see a scorpion.

Vanquished Creatures
  A hound (D:5)
1 creature vanquished.

Notes
Turn   | Place    | Note
-------+----------+-------------------------------------------
     0 | D:5      | Minion the Minotaur Delver began the quest for the Orb.
     0 | D:5      | Reached XP level 1. HP: 19/19 MP: 0/0
    40 | D:5      | Noticed a hound
    44 | D:5      | Found Caph's Weapon Emporium.
    56 | D:5      | Killed a hound
    56 | D:5      | Reached XP level 2. HP: 7/27 MP: 1/1
   154 | D:5      | Noticed a scorpion
   160 | D:5      | Found an iron altar of Okawaru.
   161 | D:5      | Found a bloodstained altar of Trog.
   165 | D:5      | Became a worshipper of Trog the Wrathful
   172 | D:5      | Slain by a scorpion

Illustrated notes

Levels and vault maps discovered:
D:5:      layout_cave_pools, minitemple, serial_shops, shop, shop_statue, shop,
          nicolae_shop_waterfront, lightli_ossuary_entry_decrepit_ruins,
          serial_undead, serial_undead_a, serial_undead_a, serial_undead_c,
          serial_undead_c

Action                   || total
-------------------------++-------
Melee: Hand axe          ||    16
       Headbutt          ||     2
 Stab: Sleeping          ||     1
Armor: Leather armour    ||     2
Dodge: Dodged            ||    10

Table legend: (Time is in decaauts)
 A = Elapsed time spent in this place.
 B = Non-inter-level travel time spent in this place.
 C = Inter-level travel time spent in this place.
 D = Time resting spent in this place.
 E = Time spent auto-exploring this place.
 F = Levels seen in this place.
 G = Mean time per level.
                   A        B        C        D        E       F      G
               +--------+--------+--------+--------+--------+-----+--------+
         Total |    174 |    174 |      0 |     93 |     39 |   1 |  174.0 |
       Dungeon |    174 |    174 |      0 |     93 |     39 |   1 |  174.0 |
               +--------+--------+--------+--------+--------+-----+--------+

Top non-repeatable levels by time:
     D:5: 174 daAuts
